 Dungeon Crawl Stone Soup version 0.30-a0-374-g95c0257040 (webtiles) character file.

Game seed: 930635727138056159

17 Elric the Firebug (level 2, -1/15 HPs)
             Began as a Deep Elf Fire Elementalist on Nov 25, 2022.
             Slain by a gnoll
             ... wielding a +0 club
              (7 damage)
             ... on level 1 of the Dungeon.
             The game lasted 00:00:54 (1095 turns).

Elric the Firebug (Deep Elf Fire Elementalist)      Turns: 1095, Time: 00:00:55

Health: -1/15      AC:  2    Str:  5    XL:     2   Next: 44%
Magic:  3/8        EV: 13    Int: 19    God:
Gold:   50         SH:  0    Dex: 15    Spells: 4/7 levels left

rFire   . . .      SeeInvis .    (no weapon)
rCold   . . .      Faith    .    (no shield)
rNeg    . . .      Spirit   .    a - +0 robe
rPois   .          Reflect  .    (no helmet)
rElec   .          Harm     .    (no cloak)
rCorr   .          Rampage  .    (no gloves)
Will    .....                    (no boots)
Stlth   ++........               (no amulet)
HPRegen 0.22/turn                (no ring)
MPRegen 0.11/turn                (no ring)

@: no status effects
A: no striking features
a: no special abilities


You were on level 1 of the Dungeon.
You visited 1 branch of the dungeon, and saw 1 of its levels.

You collected 50 gold pieces.

Inventory:

Armour
 a - a +0 robe (worn)
Scrolls
 d - a scroll of enchant armour {unknown}
 f - a scroll of butterflies {unknown}
 g - 4 scrolls of identify {unknown}
Potions
 b - 2 potions of magic
 c - a potion of heal wounds {unknown}
 e - a potion of brilliance {unknown}


   Skills:
 + Level 2.7 Dodging
 + Level 2.8 Stealth
 + Level 3.3 Spellcasting
 + Level 1.5 Conjurations
 + Level 3.5 Fire Magic


You had 4 spell levels left.
You knew the following spells:

 Your Spells              Type           Power      Damage    Failure   Level
a - Foxfire               Conj/Fire      48%        2x1d6     5%          1
b - Scorch                Fire           32%        2d6       5%          2

Your spell library contained the following spells:

 Spells                   Type           Power      Damage    Failure   Level
 Inner Flame              Hex/Fire       9%         N/A       22%         3
 Kindle Blastsparks       Fire/Tloc/Air  14%        2d11      28%         3
 Vhi's Electric Charge    Tloc/Air       6%         N/A       41%         3
 Flame Wave               Conj/Fire      12%        2d6       45%         4
 Arcjolt                  Conj/Air       3%         1d13      96%         5
 Summon Cactus Giant      Summ           1%         N/A       100%        6
 Maxwell's Capacitive Co  Air            1%         ∞         100%        8


Dungeon Overview and Level Annotations

Branches:
Dungeon (1/15)

Altars:


Message History

The endoplasm quivers.
An endoplasm is nearby!
Casting: Foxfire (safe; 5% risk of failure)
Confirm with . or Enter, or press ? or * to list all spells.
You conjure some foxfire!
The foxfire hits the endoplasm.
The endoplasm is severely wounded.
The foxfire hits the endoplasm.
You kill the endoplasm!
A gnoll comes into view. It is wielding a +0 club.
A gnoll is nearby!
Casting: Foxfire (safe; 5% risk of failure)
Confirm with . or Enter, or press ? or * to list all spells.
You conjure some foxfire!
Casting: Foxfire (safe; 5% risk of failure)
Confirm with . or Enter, or press ? or * to list all spells.
You conjure some foxfire!
The foxfire hits the gnoll.
The gnoll is moderately wounded.
The foxfire hits the gnoll.
The gnoll is severely wounded.
Your foxfire dissipates!
A gnoll is nearby!
Casting: Foxfire (safe; 5% risk of failure)
Confirm with . or Enter, or press ? or * to list all spells.
You conjure some foxfire!
The gnoll closely misses you.
The foxfire hits the gnoll but does no damage.
The gnoll is severely wounded.
The gnoll hits you with a +0 club.
A gnoll is nearby!
Casting: Foxfire (safe; 5% risk of failure)
Confirm with . or Enter, or press ? or * to list all spells.
You conjure some foxfire!
The gnoll hits you with a +0 club!
The foxfire hits the gnoll.
The gnoll is severely wounded.
The gnoll closely misses you.
A gnoll is nearby!
Casting: Foxfire (safe; 5% risk of failure)
Confirm with . or Enter, or press ? or * to list all spells.
You conjure some foxfire!
The gnoll hits you with a +0 club!
You die...

####..............##.#####...####
..##..............##.............
#.##..†.........#................
#.##.......###...................
#.##.......###.##.######.#....###
#.##..#'#......##.# #.#....#
#.#####.#########.# #.#....# ####
#((.# ######v# #.#....#
##[###(.(###...v@v# #.#....###
#...#((.(.#....g### #.........
#...#(.((.##.##. #######.####.
#.<('((8((#. #. #.......# #.
#...#.((((# #. #.#####.## .
#...#((((.# .. #........#.#
##.###...## ## ####..#.##..#.#.
### #..(# #............... ##.##
#.##..........##


You could see a gnoll (ally target).

Vanquished Creatures
  A dart slug (D:1)
  2 ball pythons (D:1)
  An endoplasm (D:1)
  A giant cockroach (D:1)
  A hobgoblin (D:1)
  A quokka (D:1)
  3 bats (D:1)
  3 frilled lizards (D:1)
  2 goblins (D:1)
15 creatures vanquished.

Vanquished Creatures (others)
  87 foxfires (D:1)
87 creatures vanquished.

Grand Total: 102 creatures vanquished

Notes
Turn   | Place    | Note
-------+----------+-------------------------------------------
     0 | D:1      | Elric the Deep Elf Fire Elementalist began the quest for
                  | the Orb.
     0 | D:1      | Reached XP level 1. HP: 10/10 MP: 6/6
   479 | D:1      | Reached XP level 2. HP: 15/15 MP: 5/8
   751 | D:1      | Learned a level 2 spell: Scorch
  1095 | D:1      | Slain by a gnoll

Illustrated notes

Levels and vault maps discovered:
D:1:      minmay_arrival_shattered_statue, layout_loops_cross

Action                   || total
-------------------------++-------
 Cast: Foxfire           ||    61
Dodge: Dodged            ||     8

Table legend: (Time is in decaauts)
 A = Elapsed time spent in this place.
 B = Non-inter-level travel time spent in this place.
 C = Inter-level travel time spent in this place.
 D = Time resting spent in this place.
 E = Time spent auto-exploring this place.
 F = Levels seen in this place.
 G = Mean time per level.
                   A        B        C        D        E       F      G
               +--------+--------+--------+--------+--------+-----+--------+
         Total |   1095 |   1057 |     38 |      0 |    904 |   1 | 1095.0 |
       Dungeon |   1095 |   1057 |     38 |      0 |    904 |   1 | 1095.0 |
               +--------+--------+--------+--------+--------+-----+--------+

Top non-repeatable levels by time:
     D:1: 1095 daAuts
